 Dungeon Crawl Stone Soup version 0.29.1-15-g9cfb28693d (webtiles) character file.

Game seed: 14883371575060815614

37797 Exodus22XD the Summoner (level 13, 0/47 HPs)
             Began as a Felid Summoner on Apr 13, 2023.
             Was an Initiate of Gozag.
             Hit by a large rock thrown by a cyclops (47 damage)
             ... on level 12 of the Dungeon on Apr 14, 2023.
             The game lasted 03:02:34 (22462 turns).

Exodus22XD the Summoner (Felid Summoner)           Turns: 22462, Time: 03:02:35

Health: 0/47       AC:  3    Str:  4    XL:     13   Next: 60%
Magic:  40/40      EV: 18    Int: 24    God:    Gozag
Gold:   1404       SH:  0    Dex: 17    Spells: 3/38 levels left
                                        Lives:  0   Deaths: 3

rFire   . . .      SeeInvis +     - Unarmed
rCold   + . .      Faith    .   (shield unavailable)
rNeg    . . .      Spirit   .   (body armour unavailable)
rPois   +          Reflect  .   (helmet unavailable)
rElec   .          Harm     .   (cloak unavailable)
rCorr   .          Rampage  .   (gloves unavailable)
Will    +....                   (boots unavailable)
Stlth   +.........              E - amulet of magic regeneration
HPRegen 0.15/turn               D - ring of Oce Git {Fly rPois Int+3 Stlth-}
MPRegen 0.67/turn               q - ring of magical power

@: flying, quick
A: very small, claws 1, fangs 3, see invisible, speed 1, shaggy fur 3, stealthy
paws, no weapons or thrown items, no armour, multi-lived
a: Renounce Religion, Potion Petition, Call Merchant, Bribe Branch


You were on level 12 of the Dungeon.
You worshipped Gozag.
Gozag was most pleased with you.
You visited 4 branches of the dungeon, and saw 20 of its levels.

You collected 7025 gold pieces.
You spent 3228 gold pieces at shops.
You paid 2393 gold pieces to Gozag.

Inventory:

Jewellery
 b - a ring of poison resistance
 i - a +4 ring of protection
 j - a ring of positive energy
 l - an amulet of reflection
 n - a ring of protection from fire
 q - a ring of magical power (right paw)
 D - the ring of Oce Git (left paw) {Fly rPois Int+3 Stlth-}
   (You found it on level 2 of the Lair of Beasts)

   [ring of poison resistance]

   Int:       It affects your intelligence (+3).
   rPois:     It protects you from poison.
   Fly:       It grants you flight.
   Stlth:     It makes you less stealthy.
 E - an amulet of magic regeneration (around neck)
Wands
 a - a wand of quicksilver (10)
 g - a wand of iceblast (5)
 t - a wand of paralysis (2)
 w - a wand of polymorph (3)
Scrolls
 c - a scroll of teleportation
 e - 2 scrolls of immolation
 o - a scroll of blinking
 p - 2 scrolls of torment
 s - 4 scrolls of magic mapping
 u - a scroll of summoning
 y - 3 scrolls of poison
 A - 2 scrolls of amnesia
 B - 2 scrolls of butterflies
 G - a scroll of fear
Potions
 d - a potion of berserk rage
 h - 6 potions of lignification
 k - 5 potions of flight
 m - 6 potions of curing
 r - a potion of resistance
 v - 5 potions of haste
 x - 4 potions of mutation
 z - a potion of might
 C - 2 potions of brilliance
 F - a potion of heal wounds


   Skills:
 - Level 0.2 Fighting
 - Level 3.7 Dodging
 - Level 2.6 Stealth
 + Level 4.8 Unarmed Combat
 - Level 13.0 Spellcasting
 - Level 0.6 Conjurations
 - Level 5.0 Hexes
 - Level 14.4 Summonings
 - Level 0.6 Necromancy
 - Level 10.0 Translocations
 + Level 12.4 Transmutations
 - Level 0.6 Fire Magic
 - Level 0.5 Ice Magic
 - Level 7.0 Air Magic
 + Level 4.5 Earth Magic
 - Level 0.4 Poison Magic
 - Level 0.5 Invocations


You had 3 spell levels left.
You knew the following spells:

 Your Spells              Type           Power      Damage    Failure   Level
a - Summon Small Mammal   Summ           100%       N/A       0%          1
b - Blink                 Tloc           100%       N/A       1%          2
c - Call Canine Familiar  Summ           71%        N/A       1%          3
d - Summon Guardian Gole  Hex/Summ       58%        N/A       1%          3
e - Summon Lightning Spi  Summ/Air       61%        N/A       1%          4
f - Summon Forest         Summ/Tloc      32%        N/A       1%          5
g - Summon Cactus Giant   Summ           35%        N/A       1%          6
h - Statue Form           Tmut/Erth      36%        N/A       19%         6
i - Manifold Assault      Tloc           59%        N/A       1%          5

Your spell library contained the following spells:

 Spells                   Type           Power      Damage    Failure   Level
 Call Imp                 Summ           71%        N/A       0%          2
 Beastly Appendage        Tmut           100%       N/A       1%          1
 Passwall                 Tmut/Erth      45%        N/A       1%          2
 Wereblood                Tmut           66%        N/A       1%          2
 Ignite Poison            Fire/Tmut/Pois 37%        N/A       1%          3
 Lesser Beckoning         Tloc           59%        N/A       1%          3
 Spider Form              Tmut/Pois      46%        N/A       1%          3
 Magic Dart               Conj           72%        1d6       3%          1
 Necrotise                Necr           72%        1d7       3%          1
 Inner Flame              Hex/Fire       29%        N/A       3%          3
 Scorch                   Fire           36%        2d6       4%          2
 Searing Ray              Conj           36%        2d5       4%          2
 Sublimation of Blood     Necr           18%        N/A       4%          2
 Stone Arrow              Conj/Erth      56%        3d10      4%          3
 Blade Hands              Tmut           33%        N/A       1%          5
 Summon Mana Viper        Hex/Summ       58%        N/A       1%          5
 Cause Fear               Hex            19%        N/A       4%          4
 Leda's Liquefaction      Hex/Erth       19%        N/A       5%          4
 Alistair's Intoxication  Tmut/Pois      30%        N/A       8%          5
 Summon Hydra             Summ           35%        N/A       9%          7
 Fulminant Prism          Conj/Hex       14%        3d9       12%         4
 Lee's Rapid Deconstruct  Erth           18%        3d12*     16%         5
 Flame Wave               Conj/Fire      18%        2d7       30%         4
 Borgnjor's Vile Clutch   Necr/Erth      14%        N/A       36%         5
 Eringya's Noxious Bog    Tmut/Pois      23%        N/A       38%         6
 Discord                  Hex            19%        N/A       100%        8
 Infestation              Necr           9%         N/A       100%        8
 Lehudib's Crystal Spear  Conj/Erth      14%        10d5      100%        8
 Necromutation            Tmut/Necr      23%        N/A       100%        8
 Death's Door             Necr           9%         N/A       100%        9
 Animate Armour           Summ/Erth      Unusable   N/A       N/A         4

Dungeon Overview and Level Annotations

Branches:
Dungeon (12/15)            Temple (1/1) D:4            Lair (5/5) D:8
 Shoals (0/4) Lair:3        Slime (0/5) Lair:4          Orc (2/2) D:10
    Elf (0/3) Orc:2
  Snake: Lair:2-3    Spider: Lair:2-3

Altars:
Ashenzari
Cheibriados
Dithmenos
Elyvilon
Fedhas
Gozag
Hepliaklqana
Kikubaaqudgha
Makhleb
Nemelex Xobeh
Okawaru
Qazlal
Ru
Sif Muna
Trog
Uskayaw
Vehumet
Wu Jian
Xom
Yredelemnul
Zin
The Shining One
Jiyva

Shops:
D:5 :::*   D:7 !   D:8 *   Orc:2 (!=[=   Lair:1 ?   Lair:3 :

Portals:
Hell: Lair:5

Annotations:
Lair:3 3 runed translucent doors, Huoklyut's ghost, journeyman DECj


Innate Abilities, Weirdness & Mutations

You have sharp claws.
You have razor-sharp teeth.
You have supernaturally acute eyesight. (SInv)
You cover ground quickly. (Speed+)
Your thick and shaggy fur keeps you warm. (AC +3, rC+)
Your paws help you pounce on unaware monsters.
You are incapable of wielding weapons or throwing items.
You cannot wear armour.
You gain extra lives every three experience levels.


Message History

Confirm with . or Enter, or press ? or * to list all spells.
You swap places.
The cyclops is distracted by your dazzling golden aura.
The cyclops is no longer distracted by gold.
What are your orders? t - Meow!
Orders for allies: a - Attack new target. r - Retreat! s - Stop attacking. g - Guard the area. f - Follow me.
Anything else - Cancel.
Gang up on whom?
Press: ? - help, Dir - move target, f - cyclops
Aim: a cyclops, quivering large rocks (unaware, ally target, hasn't noticed you) Attack!
The cyclops throws a large rock.
The large rock misses you.
Your cactus giant hits the cyclops with a +0 giant spiked club.
The cyclops is struck by your cactus giant's spines.
The cyclops hits your cactus giant!!
Your cactus giant hits the cyclops with a +0 giant spiked club!!
The cyclops dies!
You now have 1381 gold pieces (gained 18).
You now have enough gold to fund merchants seeking to open stores in the dungeon.
You now have 1404 gold pieces (gained 23).
You see here 5 large rocks.
Really fly into that dispersal trap?
Okay, then.
There is an open door here.
Your cactus giant disappears in a puff of smoke!
You start resting.
HP restored.
You reach down and open the door.
Found a scroll of fear.
A cyclops comes into view.
Found a scroll of poison.
The cyclops shouts!
There is an open door here.
The cyclops throws a large rock.
The large rock hits you!!!
Ouch! That really hurt!
You die...
Your body crumbles into a pile of gold.

.#...............# #. +#....
......>...# #. ...# #.........#
#. ...# #.........# #. ...#
#.........###############. ...#
#......................... ...#
#....###.................. ...#
#..###.##'#########....... ...#
#..#.....@....?.. #....... ...#
#..#............C #....... ...#
#..#...^?........ #..#'###
...#####..#............. #..#...#
..........################..#...#
............................#...#
............................#...#
......######+##.............#####
......#(......#........######....


You could see a cyclops.

Vanquished Creatures
  A deep elf pyromancer (D:12)
  A vampire mosquito (Lair:3)
  Menkaure (D:4)
  An orc warrior (Orc:1)
  2 electric eels (D:10)
  3 orcs (D:4)
9 creatures vanquished.

Vanquished Creatures (collateral kills)
  2 entropy weavers (Lair:4)
  A minotaur (Lair:1)
  Josephine (Orc:2)
  6 hydras
  A hell beast (Lair:5)
  4 boulder beetles
  4 catoblepae
  2 ogre magi (Orc:2)
  An alligator (Lair:3)
  An orc high priest (Orc:2)
  6 fire crabs (Lair:4)
  A swamp dragon (Lair:3)
  A wizard (Lair:5)
  An ugly thing (D:12)
  8 orc sorcerers (Orc:2)
  2 cyclopes (D:12)
  A merfolk siren (Lair:3)
  8 elephants
  3 black mambas
  2 orange demons (Lair:5)
  12 cane toads
  A torpor snail (Lair:2)
  An unseen horror (D:11)
  8 komodo dragons
  5 rime drakes
  5 trolls
  3 red devils (Lair:5)
  3 merfolk (Lair:3)
  Prince Ribbit (Lair:2)
  2 polar bears (Lair:5)
  A hornet (D:9)
  12 blink frogs
  5 slime creatures (D:12)
  8 wraiths
  36 yaks
  2 shadows
  3 wyverns
  6 basilisks
  3 steam dragons
  12 vampire mosquitoes
  A warg (Orc:2)
  An acid dragon (D:10)
  5 swamp worms (Lair:3)
  Edmund (D:4)
  12 water moccasins
  4 hell hounds (Lair:5)
  12 orc warriors
  A swamp drake (Lair:3)
  7 black bears
  An ice beast (D:7)
  2 sky beasts
  7 ogres
  2 centaurs (D:9)
  2 phantoms
  2 kobold brigands
  4 necrophages
  A gnoll sergeant (D:7)
  3 two-headed ogre simulacra (Orc:2)
  12 bullfrogs
  2 scorpions
  8 wights
  3 killer bees (D:10)
  An electric eel (D:10)
  4 howler monkeys
  4 hounds
  14 orc priests
  A gnoll bouda (D:6)
  5 jellies
  12 hell rats
  7 iguanas
  37 orc wizards
  4 spriggan simulacra (Orc:2)
  A troll simulacrum (Orc:2)
  2 nameless horrors
  11 gnolls
  8 adders
  2 shadow imps
  A white imp (D:5)
  3 worms
  74 orcs
  3 endoplasms
  5 giant cockroaches
  8 goblins
  2 hobgoblins
  A quokka (D:1)
  8 ball pythons
  4 bats
  A frilled lizard (D:2)
  16 kobolds
  6 rats
  4 bushes (Lair:5)
527 creatures vanquished.

Vanquished Creatures (others)
  A yak (D:6)
  A steam dragon (D:8)
  A black bear (D:5)
  2 orc warriors
  A gnoll sergeant (D:9)
  A jelly (D:5)
  An iguana (D:4)
  An orc wizard (D:8)
  2 gnolls (D:9)
  57 fungi
  80 plants
  7 snaplasher vines
155 creatures vanquished.

Grand Total: 691 creatures vanquished

Notes
Turn   | Place    | Note
-------+----------+-------------------------------------------
     0 | D:1      | Exodus22XD the Felid Summoner began the quest for the Orb.
     0 | D:1      | Reached XP level 1. HP: 7/7 MP: 4/4
   209 | D:1      | Reached XP level 2. HP: 11/11 MP: 1/6
   212 | D:1      | Learned a level 2 spell: Call Imp
   618 | D:2      | Reached XP level 3. HP: 14/14 MP: 4/7
   622 | D:2      | Learned a level 3 spell: Call Canine Familiar
  1303 | D:3      | Reached skill level 5 in Summonings
  1445 | D:3      | You fall into a shaft and drop 1 floor!
  1565 | D:3      | Found a faded altar of an unknown god.
  1972 | D:4      | Reached XP level 4. HP: 4/18 MP: 5/9
  1972 | D:4      | Noticed Menkaure
  2232 | D:4      | Learned a level 3 spell: Summon Guardian Golem
  2303 | D:4      | Killed Menkaure
  2304 | D:4      | Reached XP level 5. HP: 21/21 MP: 3/12
  2413 | D:4      | Gained mutation: You are covered in thick fur. (AC +2)
                  | [Felid growth]
  2413 | D:4      | Reached XP level 6. HP: 17/24 MP: 8/13
  2427 | D:4      | Found a staircase to the Ecumenical Temple.
  2433 | Temple   | Entered the Ecumenical Temple
  2589 | Temple   | Became a worshipper of Gozag Ym Sagoz the Greedy
  2665 | D:4      | Killed from afar by an orc wizard
  2666 | D:4      | Reached XP level 5. HP: 0/21 MP: 8/12
  2831 | D:4      | Noticed Edmund
  2865 | D:4      | Killed Edmund
  2866 | D:4      | Reached skill level 5 in Spellcasting
  2866 | D:4      | Reached skill level 1 in Hexes
  2866 | D:4      | Reached skill level 6 in Summonings
  2866 | D:4      | Reached XP level 6. HP: 15/24 MP: 2/14
  2999 | D:4      | Found a sparkling altar of Nemelex Xobeh.
  3001 | D:4      | Found a basalt altar of Yredelemnul.
  3008 | D:4      | Found a glowing silver altar of Zin.
  3596 | D:5      | Entered Level 5 of the Dungeon
  3617 | D:5      | Reached XP level 7. HP: 27/27 MP: 9/16
  3659 | D:5      | Found Vagapock's Book Shop.
  3710 | D:5      | Found an ornate altar of the Wu Jian Council.
  3730 | D:5      | Learned a level 4 spell: Summon Lightning Spire
  3835 | D:5      | Reached skill level 7 in Summonings
  4060 | D:5      | Reached XP level 8. HP: 31/31 MP: 4/18
  4106 | D:5      | Found Akyecimy's Book Emporium.
  4407 | D:5      | Found Raupif's Book Shop.
  4720 | D:5      | Found Setemu's General Store.
  4999 | D:6      | Reached skill level 5 in Hexes
  4999 | D:6      | Reached skill level 1 in Air Magic
  5007 | D:6      | Reached skill level 8 in Summonings
  5383 | D:6      | Noticed a komodo dragon
  5394 | D:6      | Killed a komodo dragon
  5395 | D:6      | Reached XP level 9. HP: 17/34 MP: 4/21
  5571 | D:5      | Bought a book of the Wilderness for 494 gold pieces
  5577 | D:5      | Learned a level 5 spell: Summon Forest
  6202 | D:6      | Reached skill level 1 in Translocations
  6212 | D:6      | Reached skill level 9 in Summonings
  6652 | D:7      | Reached XP level 10. HP: 37/37 MP: 9/23
  6668 | D:7      | Found Dut Ozouk's Distillery.
  6676 | D:7      | Bought a potion of curing for 39 gold pieces
  6676 | D:7      | Bought a potion of heal wounds for 65 gold pieces
  6676 | D:7      | Bought a potion of curing for 39 gold pieces
  6676 | D:7      | Bought a potion of haste for 130 gold pieces
  6676 | D:7      | Bought a potion of invisibility for 104 gold pieces
  6763 | D:7      | Reached skill level 10 in Summonings
  6885 | D:8      | Found Tihaicemm's Assorted Antiques.
  7011 | D:8      | Got the Tractate on the Dusty Undead
  7462 | D:8      | Reached skill level 5 in Translocations
  7735 | D:8      | Found a staircase to the Lair.
  8116 | D:8      | Found a burning altar of Makhleb.
  8303 | D:8      | Learned a level 6 spell: Summon Cactus Giant
  8524 | D:9      | Found a snail-covered altar of Cheibriados.
  9275 | D:10     | Entered Level 10 of the Dungeon
  9330 | D:10     | Reached skill level 5 in Air Magic
  9332 | D:10     | Reached skill level 11 in Summonings
  9437 | D:10     | Found a blossoming altar of Fedhas.
 10204 | D:10     | Reached skill level 10 in Spellcasting
 10414 | D:10     | Reached XP level 11. HP: 28/40 MP: 17/26
 10648 | D:10     | Found a staircase to the Orcish Mines.
 10888 | Lair:1   | Entered Level 1 of the Lair of Beasts
 10888 | Lair:1   | Noticed a catoblepas
 10901 | Lair:1   | Killed a catoblepas
 10925 | Lair:1   | Noticed a boulder beetle
 10947 | Lair:1   | Killed a boulder beetle
 11198 | Lair:1   | Identified the +2 rapier of Ashenzari's Approval {elec, Fly
                  | Str+7}
 11442 | Lair:1   | Reached skill level 12 in Summonings
 11462 | Lair:1   | Bought a scroll of identify for 30 gold pieces
 11462 | Lair:1   | Identified a scroll of acquirement
 11465 | Lair:1   | Acquired 265 gold pieces
 11469 | Lair:1   | Bought a scroll of blinking for 112 gold pieces
 11469 | Lair:1   | Bought a scroll of teleportation for 45 gold pieces
 11469 | Lair:1   | Bought a scroll of fear for 60 gold pieces
 11469 | Lair:1   | Bought a scroll of identify for 30 gold pieces
 11619 | Lair:1   | Found a runed translucent door.
 11702 | Lair:1   | Noticed a minotaur
 11724 | Lair:1   | Killed a minotaur
 11737 | Lair:1   | Identified the +0 scale mail of the Orb Guardian {Harm
                  | rElec rPois}
 12076 | Lair:2   | Noticed a boulder beetle
 12082 | Lair:2   | Noticed a seven-headed hydra
 12089 | Lair:2   | Killed a seven-headed hydra
 12090 | Lair:2   | Gained mutation: Your thick and shaggy fur keeps you warm.
                  | (AC +3, rC+) [Felid growth]
 12090 | Lair:2   | Reached XP level 12. HP: 44/44 MP: 2/28
 12095 | Lair:2   | Killed a boulder beetle
 12257 | Lair:2   | Identified the ring of Oce Git {Fly rPois Int+3 Stlth-}
 12350 | Lair:2   | Noticed a five-headed hydra
 12358 | Lair:2   | Killed a five-headed hydra
 12359 | Lair:2   | Reached skill level 10 in Translocations
 12452 | Lair:2   | Noticed Prince Ribbit
 12595 | Lair:2   | Killed Prince Ribbit
 12699 | Lair:2   | Reached skill level 13 in Summonings
 12718 | Lair:2   | Noticed a catoblepas
 12730 | Lair:2   | Killed a catoblepas
 13539 | Lair:3   | Found a staircase to the Shoals.
 13720 | Lair:3   | Found a runed translucent gate.
 13720 | Lair:3   | Found a runed translucent gate.
 13720 | Lair:3   | Found a runed translucent gate.
 13720 | Lair:3   | Noticed Huoklyut's ghost (journeyman DECj)
 13881 | Lair:3   | Reached skill level 14 in Summonings
 13895 | Lair:3   | Noticed a four-headed hydra
 13906 | Lair:3   | Reached XP level 13. HP: 32/47 MP: 2/31
 14742 | Lair:3   | Bought a book of Spatial Translocations for 390 gold pieces
 14807 | Lair:4   | HP: 2/47 [fire crab] (12)]
 14808 | Lair:4   | Engulfed by a fire crab's flame
 14809 | Lair:4   | Reached XP level 12. HP: -1/44 MP: 16/30
 14880 | Lair:4   | Noticed a six-headed hydra
 14891 | Lair:4   | Killed a six-headed hydra
 14941 | Lair:4   | Found a runed translucent door.
 14952 | Lair:4   | Found a viscous altar of Jiyva.
 14952 | Lair:4   | Found a staircase to the Slime Pits.
 15448 | Lair:4   | Reached skill level 5 in Transmutations
 15609 | Lair:4   | HP: 2/44 [fire crab] (12)]
 15934 | Lair:4   | HP: 2/44 [something] (8)]
 16124 | Lair:4   | Noticed an entropy weaver
 16249 | Lair:4   | Killed an entropy weaver
 16760 | Lair:4   | Noticed an entropy weaver
 16773 | Lair:4   | Killed an entropy weaver
 16794 | Lair:4   | Noticed a ghost crab
 16993 | Lair:5   | Entered Level 5 of the Lair of Beasts
 16993 | Lair:5   | Noticed a boulder beetle
 17215 | Lair:5   | Reached XP level 13. HP: 47/47 MP: 6/31
 17324 | Lair:5   | Slain by a catoblepas
 17325 | Lair:5   | Reached XP level 12. HP: -5/44 MP: 18/30
 17336 | Lair:5   | Got the Spellbook of Nocuous Terrain
 17470 | Lair:5   | Killed a catoblepas
 17638 | Lair:5   | Noticed a four-headed hydra
 17649 | Lair:5   | Killed a four-headed hydra
 17656 | Lair:5   | Reached skill level 10 in Transmutations
 17873 | Lair:5   | Noticed a hell beast
 18244 | Lair:5   | Killed a hell beast
 18475 | Lair:5   | Found a burning altar of Makhleb.
 18492 | Lair:5   | Found a gateway to Hell.
 18500 | Lair:5   | Got the Tome of the Magi
 18775 | Lair:3   | Bought a book of the Earth for 540 gold pieces
 18782 | Lair:3   | Learned a level 6 spell: Statue Form
 18788 | Lair:3   | Learned a level 5 spell: Manifold Assault
 18792 | Lair:3   | Learned a level 2 spell: Blink
 19066 | Orc:1    | Entered Level 1 of the Orcish Mines
 19113 | Orc:1    | Reached skill level 1 in Earth Magic
 19301 | Orc:2    | Entered Level 2 of the Orcish Mines
 19410 | Orc:2    | Noticed an orc high priest
 19430 | Orc:2    | Killed an orc high priest
 19553 | Orc:2    | Found a staircase to the Elven Halls.
 19588 | Orc:2    | Reached skill level 1 in Unarmed Combat
 19730 | Orc:2    | Noticed an ogre mage
 19755 | Orc:2    | Killed an ogre mage
 19836 | Orc:2    | Reached XP level 13. HP: 47/47 MP: 4/31
 19860 | Orc:2    | Found Uniesche's Antique Armour Boutique.
 19878 | Orc:2    | Found Siexi's Jewellery Shop.
 20012 | Orc:2    | Found a radiant altar of Vehumet.
 20039 | Orc:2    | Found Zomaeczagala's Magic Scroll Shop.
 20167 | Orc:2    | Found an ancient bone altar of Kikubaaqudgha.
 20312 | Orc:2    | Noticed Josephine
 20323 | Orc:2    | Killed Josephine
 20342 | Orc:2    | Found Kecw's Distillery.
 20381 | Orc:2    | Bought a potion of haste for 160 gold pieces
 20381 | Orc:2    | Bought a potion of curing for 48 gold pieces
 20381 | Orc:2    | Bought a potion of curing for 48 gold pieces
 20381 | Orc:2    | Bought a potion of haste for 160 gold pieces
 20381 | Orc:2    | Bought a potion of resistance for 160 gold pieces
 20381 | Orc:2    | Bought a potion of brilliance for 64 gold pieces
 20731 | Orc:2    | Found Jyojah's Antique Weapon Boutique.
 20881 | Orc:2    | Bought an amulet of magic regeneration for 510 gold pieces
 22462 | D:12     | Hit by a large rock thrown by a cyclops

Illustrated notes

Levels and vault maps discovered:
D:1:      minmay_arrival_radiant_lines, layout_rooms
D:2:      layout_basic
D:3:      layout_loops_cross, shapermc_ecumenical_altar_petra
D:4:      layout_loops_ring, grunt_temple_overflow_open,
          minmay_temple_entry_wispy, serial_aquarium, aquarium_bridge_square
          [aquarium_subvault_window, aquarium_subvault_bridge,
          aquarium_subvault_window, aquarium_subvault_bridge],
          aquarium_bridge_island_small [aquarium_subvault_small_open,
          aquarium_subvault_window, aquarium_subvault_wall,
          aquarium_subvault_bridge, aquarium_subvault_bridge],
          aquarium_window_fake, aquarium_window_double,
          aquarium_window_corridor_1, aquarium_view_2f, aquarium_view_2a,
          aquarium_balcony_5b, uniq_menkaure, uniq_edmund
D:5:      layout_basic, nzn_wu_jian_contemplation, serial_shops,
          nicolae_diamond_shop, shop, nicolae_lakefront_shop,
          nicolae_inconvenience_store, minmay_manual_mail
D:6:      layout_loops_ring, hex_medium
D:7:      layout_cave_pools, serial_shops, nicolae_shop_statue_plus,
          minmay_checkerbox
D:8:      layout_basic, demons_altar, david_lair_shrubbed, serial_shops,
          nicolae_shop_advertising_works [nicolae_subvault_shop_adworks],
          enter_bailey_5
D:9:      layout_basic, kennysheep_mini_moat
D:10:     layout_loops_ring, mainiacjoe_overflow_paths, erik_orc_2
D:11:     layout_basic
D:12:     layout_irregular_city, serial_rivers, chequers_serial_rivers_micro_c,
          chequers_serial_rivers_marsh, chequers_serial_rivers_micro_d,
          chequers_serial_rivers_micro_a, chequers_serial_rivers_large_b,
          chequers_serial_rivers_small_b
Temple:   regret_index_temple_waves
Lair:1:   dreamdust_labyrinth, layout_hall_layers, beast_lair_carwin_3
Lair:2:   layout_small_grid, nicolae_spider_entry_orb_guardian,
          uniq_prince_ribbit2
Lair:3:   onia_ninara_swampy_vault, layout_cave_pods, elwin_shoals_entry_stream,
          ebering_ghost_rock_garden
Lair:4:   gammafunk_mikee_crab_dinner, layout_big_grid, slime_entry_1,
          fungi_pond_lemuel
Lair:5:   evil_forest, layout_cave_pods, nicolae_lair_liquid_snakes
Orc:1:    layout_caves, nicolae_orc_lava_room
Orc:2:    kennysheep_orc_mage_school, layout_caves,
          portal_ice_cave_entry_ice_simulacra, serial_shops, shop,
          uniq_josephine

Skill      XL: |  1  2  3  4  5  6  7  8  9 10 11 12 13 |
---------------+----------------------------------------+-----
Summonings     | 5 6 7 8 9 11 12 14 | 14.4
Spellcasting   | 3 4 5 6 7 8 10 11 13 | 13.0
Hexes          | 1 2 4 5 |  5.0
Air Magic      | 2 3 5 6 7 |  7.0
Translocations | 4 7 9 10 | 10.0
Dodging        | 3 |  3.7
Transmutations | 11 12 | 12.4
Earth Magic    | 2 4 |  4.5
Unarmed Combat | 2 4 |  4.8
Fighting       | |  0.2
Stealth        | |  2.6
Conjurations   | |  0.6
Necromancy     | |  0.6
Fire Magic     | |  0.6
Ice Magic      | |  0.5
Poison Magic   | |  0.4
Invocations    | |  0.5

Action                   |  1- 3 |  4- 6 |  7- 9 | 10-12 | 13-15 || total
-------------------------+-------+-------+-------+-------+-------++-------
Melee: Unarmed           |     1 |     6 |     1 |     6 |       ||    14
       Bite              |       |     1 |       |     1 |       ||     2
 Cast: Summon Small Mamm |    40 |    11 |    11 |       |       ||    62
       Call Imp          |    12 |    13 |    19 |       |       ||    44
       Call Canine Famil |     4 |    15 |    31 |    81 |    28 ||   159
       Summon Guardian G |       |     1 |    22 |    22 |       ||    45
       Summon Lightning  |       |       |    11 |    91 |    18 ||   120
       Summon Forest     |       |       |       |    32 |     8 ||    40
       Summon Cactus Gia |       |       |       |    69 |    31 ||   100
       Blink             |       |       |       |       |     4 ||     4
Invok: Call Merchant     |       |       |       |     1 |     2 ||     3
Evoke: Wand              |       |       |       |     5 |     4 ||     9
  Use: Potion            |     3 |       |     1 |    10 |     2 ||    16
       Scroll            |       |     4 |     1 |    21 |     4 ||    30
 Stab: Distracted        |       |       |     1 |       |       ||     1
Armor: Skin              |     1 |     1 |     7 |    13 |     1 ||    23
Dodge: Dodged            |    25 |    23 |    36 |    77 |    22 ||   183
Block: Other             |       |       |       |    20 |     2 ||    22
       Reflection        |       |       |       |     4 |       ||     4
